 Dungeon Crawl Stone Soup version 0.19.0-20-gbc5f0c6 (webtiles) character file.

181 Leibowitz the Sneak (level 5, -6/38 HPs)
             Began as a Demigod Enchanter on Nov 18, 2016.
             Engulfed by a cloud of flame (13 damage)
             ... on level 3 of the Dungeon.
             The game lasted 00:06:53 (2688 turns).

Leibowitz the Sneak (Demigod Enchanter)             Turns: 2688, Time: 00:06:54

Health: -6/38      AC:  4    Str: 11    XL:     5   Next: 11%
Magic:  11/11      EV: 13    Int: 21    God:
Gold:   182        SH:  0    Dex: 16    Spells: 3 memorised, 2 levels left

rFire  . . .     SeeInvis .     a - +2 dagger (protect)
rCold  . . .     Gourm    .     b - +1 robe
rNeg   . . .     Faith    .     (no shield)
rPois  .         Spirit   .     (no helmet)
rElec  .         Reflect  .     q - +0 cloak
rCorr  .         Harm     .     (no gloves)
MR     +....                    (no boots)
Stlth  +++.......               (no amulet)
                                (no ring)
                                e - ring of protection from magic

@: no status effects
A: high mp 1
a: no special abilities


You were on level 3 of the Dungeon.
You were very hungry.

You visited 1 branch of the dungeon, and saw 3 of its levels.

You collected 182 gold pieces.

Inventory:

Hand Weapons
 a - a +2 dagger of protection (weapon)
Armour
 b - a +1 robe (worn)
 q - a +0 cloak (worn)
Jewellery
 e - a ring of protection from magic (left hand)
Scrolls
 g - 2 scrolls of enchant armour {unknown}
 h - 3 scrolls of remove curse {unknown}
 i - a scroll of teleportation {unknown}
 j - 6 scrolls of identify {unknown}
 k - 2 scrolls of noise {unknown}
 l - a scroll of immolation {unknown}
 p - a scroll of fog {unknown}
Potions
 f - a potion of agility {unknown}
 n - a potion of flight {unknown}
 r - a potion of degeneration {unknown}
 s - a potion of mutation {unknown}
 u - a potion of curing {unknown}
Books
 c - a book of Maledictions

   Spells                             Type                      Level
   a - Corona                         Hexes                        1
   b - Ensorcelled Hibernation        Hexes/Ice                    2
   c - Confuse                        Hexes                        3
   d - Tukima's Dance                 Hexes                        3
   e - Dazzling Spray                 Conjuration/Hexes            3
Comestibles
 d - 3 bread rations
 m - a beef jerky
 t - a slice of pizza


   Skills:
 + Level 0.1 Fighting
 + Level 1.7 Short Blades
 + Level 2.2 Dodging
 + Level 4.0 Stealth
 + Level 2.3 Spellcasting
 + Level 3.4 Hexes
 + Level 1.1 Ice Magic


You had 2 spell levels left.
You knew the following spells:

 Your Spells              Type           Power        Failure   Level  Hunger
a - Corona                Hex            ###....      3%          1    #......
b - Ensorcelled Hibernat  Hex/Ice        ##....       12%         2    ##.....
c - Confuse               Hex            ###.....     12%         3    ###....


Dungeon Overview and Level Annotations

Branches:
Dungeon (3/15)


Innate Abilities, Weirdness & Mutations

You have an increased reservoir of magic. (+10% MP)


Message History

There is an open door here.
You see here a dagger.
You see here 32 sling bullets.
The kobold shouts!
The kobold hits you but does no damage.
You barely miss the kobold. You hit the kobold but do no damage.
Your weapon exudes an aura of protection.
The kobold closely misses you.
You hit the kobold.
You kill the kobold!
Things that are here:
4 stones; a kobold corpse
Found a pink potion.
Really walk into a travel-excluded area?
You are engulfed in roaring flames.
You are engulfed in roaring flames.
* * * LOW HITPOINT WARNING * * *
You are engulfed in roaring flames.
You die...

########## ##........#
#...#####.# #§§
#.############ #§§
#............. #§§§
#####.........
#####...###### #.........
##.§§§.([!.§§§.####.........
#..§§§.!./.@§§....#.........
#..§§§.$?!.§§§....#.........
#.# ###...#####...#.........
#.# #§§§# #...#......(). #.#
#§§.# #...#......... #.#
#§§§# #...#.....(... #.#
#...### #........###'# #.#
##..#.###....###.###.#
#.#####>....................


There were no monsters in sight!

Vanquished Creatures
  Crazy Yiuf (D:2)
  Ijyb (D:2)
  6 adders
  An ooze (D:1)
  2 worms
  2 leopard geckos
  An orc (D:3)
  3 giant cockroaches
  9 goblins
  9 hobgoblins
  3 jackals (D:1)
  9 kobolds
  7 bats
  2 frilled lizards
  4 rats
60 creatures vanquished.

Vanquished Creatures (others)
  2 jackals (D:3)
  A frilled lizard (D:3)
3 creatures vanquished.

Grand Total: 63 creatures vanquished

Notes
Turn   | Place    | Note
-------+----------+-------------------------------------------
     0 | D:1      | Leibowitz the Demigod Enchanter began the quest for the Orb.
     0 | D:1      | Reached XP level 1. HP: 14/14 MP: 5/5
   256 | D:1      | Reached XP level 2. HP: 20/20 MP: 7/7
   260 | D:1      | Learned a level 2 spell: Ensorcelled Hibernation
   381 | D:1      | Reached skill level 3 in Stealth
   886 | D:2      | Reached skill level 1 in Short Blades
   886 | D:2      | Reached XP level 3. HP: 13/26 MP: 1/8
  1268 | D:2      | Noticed Ijyb
  1283 | D:2      | Killed Ijyb
  1289 | D:2      | Learned a level 3 spell: Confuse
  1384 | D:2      | Found a runed door.
  1388 | D:2      | Noticed Crazy Yiuf
  1392 | D:2      | Killed Crazy Yiuf
  1392 | D:2      | Reached skill level 1 in Ice Magic
  1392 | D:2      | Reached XP level 4. HP: 33/33 MP: 9/9
  1956 | D:3      | Found a faded altar of an unknown god.
  2147 | D:3      | Reached skill level 4 in Stealth
  2155 | D:3      | Reached XP level 5. HP: 31/38 MP: 11/11
  2688 | D:3      | Engulfed by a cloud of flame

Skill      XL: |  1  2  3  4 |
---------------+-------------+-----
Hexes          | 3 |  3.4
Stealth        | 3 4 |  4.0
Dodging        | 2 |  2.2
Short Blades   | 1 |  1.7
Spellcasting   | 2 |  2.3
Ice Magic      | 1 |  1.1
Fighting       | |  0.1

Action                   |  1- 3 |  4- 6 || total
-------------------------+-------+-------++-------
Melee: Dagger            |    72 |    73 ||   145
 Cast: Corona            |     2 |       ||     2
       Ensorcelled Hiber |    11 |    10 ||    21
       Confuse           |       |     2 ||     2
 Stab: Sleeping          |    15 |    11 ||    26
       Confused          |       |     3 ||     3
  Eat: Chunk             |     2 |     4 ||     6
Armor: Robe              |    11 |    28 ||    39
Dodge: Dodged            |    36 |    38 ||    74
